[Event "ChessKid Cup Div-III 2023"]
[Site "Online"]
[Date "2023.05.23"]
[Round "53.3"]
[White "Navara, David"]
[Black "Raja Harshit"]
[Result "1-0"]
[ECO "D02"]
[WhiteElo "2678"]
[BlackElo "2515"]
[Annotator "TA"]
[PlyCount "65"]
[EventDate "2023.05.21"]
[EventType "k.o."]
[EventCountry "NET"]
[SourceTitle "playchess.com"]
[Source "ChessBase"]
[SourceQuality "1"]
[TimeControl "900+3"]

1. d4 Nf6 2. Nf3 d5 3. Bf4 e6 4. e3 Bd6 5. Nbd2 O-O 6. Ne5 c5 7. c3 {[%emt 0:00:08] D02: 1 d4 d5 2 Nf3 sidelines, including 2...Nf6 3 g3 and 2...Nf6 3 Bf4.} Qc7 {[%emt 0:00:07] is now debated instead of 7...Nc6.} 8. Bd3 b6 9. h4 {[%emt 0:00:16][%cal Bh2h4,Bh4h5,Bh5h6][%mdl 32] The position is equal.} Ba6 10. Bxa6 Nxa6 11. h5 {[%emt 0:00:03] [#]} cxd4 $146 ({Predecessor:} 11... h6 12. g4 cxd4 13. exd4 Nc5 14. Qe2 Nce4 15. Nxe4 Nxe4 16. f3 Ng5 17. Bxg5 hxg5 {1-0 Gukesh,D (2684)-Keymer,V (2686) Biel blitz 55th 2022 (8)}) 12. exd4 Nc5 {[%emt 0:00:05][%mdl 64] [#] Deflection} 13. Qe2 Nfe4 (13... Nfd7 $11 {feels stronger.}) 14. h6 (14. Bh2 {simplifies} Na4 15. h6 g6 16. Nxe4 dxe4 17. O-O) 14... g6 15. f3 (15. Bh2 $5 ) 15... Nxd2 16. dxc5 bxc5 {[%emt 0:00:10][%cal Od2c4] White must now prevent ...Nc4!} (16... Bxe5 $2 17. Bxe5 Nxf3+ 18. gxf3 $18) 17. Kxd2 {[%emt 0:00:10] Hoping for Bh2.} f6 18. Rae1 Rab8 19. Kc2 {[%emt 0:00:14][%cal Oe5g6] aiming for Nxg6!} fxe5 20. Bxe5 Rb6 21. Rh4 Qb7 (21... Rfb8 {looks sharper.} 22. b3 c4 23. Bd4 Bg3) 22. b3 Be7 23. Ra4 c4 $2 24. Bd4 $18 {[%emt 0:00:09][%mdl 64] Skewer} (24. bxc4 $2 Rb2+ 25. Kc1 Bg5+ 26. f4 Rxf4 27. Bxf4 Bxf4+ 28. Kd1 Rxe2 $19) 24... cxb3+ 25. axb3 Rxb3 {[%emt 0:00:07] ...Rb2+ would be deadly.} 26. Qxe6+ (26. Rxa7 $2 Rb2+ 27. Kd3 Qb5+ 28. Ke3 Rxe2+ $19) 26... Rf7 {[%emt 0:00:04] [#] ...Rb2+ is the strong threat. Black cannot hold the game after this.} 27. Ra2 {[%emt 0:00:44] Against Rb2+} ({Weaker is} 27. Rxa7 Rb2+ 28. Kc1 (28. Kd3 $2 Qb5+ 29. Ke3 Bg5+ 30. f4 Bxf4+ 31. Kf3 Qd3+ $19) 28... Bg5+ 29. Be3 Rb1+ 30. Kd2 Bxe3+ 31. Qxe3 Qb2+ 32. Kd3 Qb5+ 33. Kd2 Rb2+ 34. Kc1 Rb1+ 35. Kd2 Rb2+ 36. Kc1 Rb1+ 37. Kd2 $11) 27... Ba3 (27... Bg5 $18 28. Qe5 (28. Rxa7 $2 {gets mated.} Rb2+ {[%mdl 64] Skewer} 29. Kd3 Rd2#) 28... Bf6 29. Qe8+ Rf8 30. Qe6+ Rf7 31. Bxf6 Rb6) 28. Qe8+ Rf8 29. Qe5 Rb2+ 30. Rxb2 Qxb2+ 31. Kd1 (31. Kd3 $142 Qb5+ 32. Kd2 Qb2+ 33. Ke3 Qc1+ 34. Rxc1 Bxc1+ 35. Kf2 Bxh6 36. Qh8+ {[%mdl 64] Deflection} Kf7 37. Qxh7+ Ke6 38. Qxg6+ Kd7 39. Qh7+ {[%mdl 64] Skewer} Ke8 40. Qxh6) 31... Qb3+ 32. Ke2 Kf7 33. Kf2 {[%emt 0:00:20] Beautiful play by Navara!   Weighted Error Value: White=0.05 (flawless) /Black=0.74} (33. Bxa7 $2 {perishes.} Re8 $19) 1-0

[Event "ChessKid Cup Div-III 2023"]
[Site "Online"]
[Date "2023.05.24"]
[Round "54.1"]
[White "Vallejo Pons, Francisco"]
[Black "Donchenko, Alexander"]
[Result "0-1"]
[ECO "B90"]
[WhiteElo "2712"]
[BlackElo "2669"]
[Annotator "TA"]
[PlyCount "82"]
[EventDate "2023.05.21"]
[EventType "k.o."]
[EventCountry "NET"]
[SourceTitle "playchess.com"]
[Source "ChessBase"]
[SourceQuality "1"]
[TimeControl "900+3"]

1. e4 c5 2. Nf3 d6 3. d4 cxd4 4. Nxd4 Nf6 5. Nc3 a6 6. Rg1 (6. Bg5 $14 {might be stronger.}) 6... h5 {[%emt 0:00:20] B90: Sicilian Najdorf: Unusual White 6th moves, 6 Be3 Ng4 and 6 Be3 e5.} (6... b5 $11) 7. h3 g6 8. g4 hxg4 {[%emt 0:00:11] The position is equal.} 9. hxg4 Bg7 10. Be3 Nc6 11. Be2 {[%emt 0:01:08] [#]} (11. Nxc6 {seems wilder.} bxc6 12. e5 Nd5 13. Nxd5 cxd5 14. Qxd5 Be6 15. Qd2) 11... Bxg4 $1 {[%emt 0:03:48][%mdl 64] [#] Deflection} 12. Nxc6 $146 (12. Bxg4 Nxg4) ({Predecessor:} 12. Bxg4 Nxg4 13. Qxg4 Nxd4 14. O-O-O Nc6 15. Nd5 Ne5 16. Qe2 Rc8 17. Kb1 Nc4 18. Bd4 Bxd4 19. Rxd4 {½-½ Gilles,R-Hansberg,L LSS BI-2007-P-00011}) 12... Bxe2 13. Nxd8 Bxd1 {[%emt 0:00:02] A strong pair of Bishops.} 14. Nxf7 Kxf7 15. Rxd1 Rac8 16. a3 Rh3 17. Rd3 Nd7 18. Bd2 Rh2 19. Rdg3 Bd4 {[%emt 0:00:42] Black is more active.} 20. Be3 (20. R1g2 $17 Rxg2 21. Rxg2) 20... Bxc3+ $19 21. bxc3 Rxc3 22. Rxg6 Rxc2 23. Rg7+ Ke6 24. Bd4 Ne5 {[%emt 0:00:41] Wards off R1g6+} 25. Bxe5 Kxe5 (25... dxe5 $2 {too greedy.} 26. R7g2 $19) 26. Rxe7+ {[%emt 0:00:01][%mdl 4096] Endgame KRR-KRR} Kd4 {[%emt 0:00:01] Strongly threatening ...Rc1+.} 27. Rf1 $2 {[%emt 0:00:08] [#]} (27. Reg7 $19) 27... Kd3 $1 28. Kd1 Ra2 ({Stronger than} 28... Rhxf2 29. Rxf2 Rxf2 30. Kc1 $17) 29. Rc7 Rxa3 (29... Raxf2 $142 30. Rg1 Ra2 31. Rg3+ Kxe4 32. Rg1 Ke3 33. Rc3+ Kf2 34. Rcg3 Ra1+ {[%mdl 64] Skewer} 35. Kc2 Rxg1 36. Rd3 Rg3 37. Rd4 Kg1+ 38. Kc1 Rc3+ 39. Kb1 Rf3 40. Rg4+ Kh1 41. Rc4 Rf1+ 42. Rc1 Kg1 43. a4 a5 44. Rxf1+ Kxf1 45. Kc1 Ke1 46. Kb1 Kd1 47. Ka1 Kc2 48. Ka2 Rh1 49. Ka3 Ra1#) 30. e5 Ra1+ {[%emt 0:00:03][%mdl 64] Skewer} ({Worse is} 30... dxe5 31. Rd7+ Kc3 32. Rxb7 $17) 31. Rc1 Rxc1+ 32. Kxc1 dxe5 {[%emt 0:00:00] Threatens to win with ...e4. KR-KR} 33. Rd1+ Kc4 34. Rd7 b5 35. Rf7 a5 {[%emt 0:00:05][%cal Ba6a5,Ba5a4][%mdl 32] ...a4 is the strong threat.} 36. Rf5 a4 {[%emt 0:00:02] Black mates.} 37. Kd2 Kd4 38. Kc2 b4 39. Kb2 Rh4 40. Rf8 Rf4 41. Rd8+ Kc4 {[%emt 0:00:03] Black took control after the opening.   Weighted Error Value: White=0.90/Black=0.25 (precise)} 0-1

[Event "ChessKid Cup Div-III 2023"]
[Site "Online"]
[Date "2023.05.24"]
[Round "54.1"]
[White "Lysyj, Igor"]
[Black "Navara, David"]
[Result "1/2-1/2"]
[ECO "D12"]
[WhiteElo "2606"]
[BlackElo "2678"]
[Annotator "TA"]
[PlyCount "89"]
[EventDate "2023.05.21"]
[EventType "k.o."]
[EventCountry "NET"]
[SourceTitle "playchess.com"]
[Source "ChessBase"]
[SourceQuality "1"]
[TimeControl "900+3"]

1. d4 d5 2. c4 c6 3. Nf3 Nf6 4. e3 Bf5 5. cxd5 cxd5 6. Qb3 Qc7 7. Bd2 e6 8. Bb5+ Nc6 9. O-O $1 {[%emt 0:00:03] The main line 9.0-0 scores better than 9.Bb4.} Bd6 10. Bb4 O-O {[%emt 0:00:05] D12: Slav Defence: 3 Nf3 Nf6 4 e3 Bf5.} 11. Bxd6 Qxd6 12. Nbd2 Rfc8 {[%emt 0:00:08] The position is equal.} 13. Rfc1 Nd7 14. Bxc6 bxc6 15. Qc3 c5 {[%emt 0:01:42] [#]} 16. Nb3 $146 (16. Qa3 $5 ) ({Predecessor:} 16. Qa3 Qb6 17. dxc5 Rxc5 18. Rxc5 Nxc5 19. Nd4 Bg6 20. b3 Nd3 21. Qe7 Rc8 22. N2f3 h6 23. h3 Qb8 24. Qd7 Rc7 25. Nc6 Rxd7 26. Nxb8 Rc7 27. Ne1 a5 {0-1 Akesson,J (2311)-Hector,J (2513) SWE-chT 1617 2016 (4.1)}) 16... c4 17. Nbd2 a5 18. b3 Nb6 19. bxc4 Nxc4 20. Nb3 h6 21. Nc5 Rab8 22. Nd2 e5 23. a3 {[%emt 0:01:15] [#]} (23. Nxc4 $11 {remains equal.} dxc4 24. Qxc4) 23... exd4 ({Black should try} 23... Qg6 $1 $17 {aiming for ...Bh3.} 24. Nxc4 Bh3) 24. exd4 $11 Qf4 25. Nxc4 dxc4 26. Re1 Be6 27. g3 Qd6 28. Nxe6 (28. Qxa5 {looks sharper.} Qd5 29. Qc3 Rb3 30. Qc2) 28... fxe6 29. Qxa5 Qxd4 30. Rad1 Qf6 31. Qa6 c3 32. Qxe6+ Qxe6 33. Rxe6 {[%emt 0:00:01][%mdl 4096] Endgame KRR-KRR} c2 34. Rc1 Rb1 35. Ree1 Rb3 36. Re2 Rb1 ({But not} 36... Rxa3 37. Rexc2 (37. Rcxc2 Rxc2 38. Rxc2 g5 $16) 37... Rxc2 38. Rxc2 $16) 37. Ree1 Rb2 38. Kg2 Rc4 39. Re2 Ra2 {[%emt 0:00:08] [#]} 40. a4 $1 h5 ({Resist} 40... Raxa4 41. Rexc2 (41. Rcxc2 Rxc2 42. Rxc2 g5 $16) 41... Rxc2 42. Rxc2 $16) (40... Kf7 41. a5) 41. h4 {[%emt 0:00:06] White is slightly better.} Kh7 {[%emt 0:00:04][%cal Oh7h6] [#]} 42. a5 $1 g6 {[%emt 0:00:06] [#]} 43. a6 $1 {[%emt 0:00:04][%mdl 64] Deflection} Rxa6 44. Rexc2 Rxc2 45. Rxc2 {[%emt 0:00:04] Weighted Error Value: White=0.07 (flawless) /Black=0.07 (flawless)} 1/2-1/2

[Event "ChessKid Cup Div-III 2023"]
[Site "Online"]
[Date "2023.05.24"]
[Round "54.1"]
[White "Antipov, Mikhail Al."]
[Black "Kamsky, Gata"]
[Result "0-1"]
[ECO "B40"]
[WhiteElo "2588"]
[BlackElo "2665"]
[Annotator "TA"]
[PlyCount "108"]
[EventDate "2023.05.21"]
[EventType "k.o."]
[EventCountry "NET"]
[SourceTitle "playchess.com"]
[Source "ChessBase"]
[SourceQuality "1"]
[TimeControl "900+3"]

1. e4 c5 2. Nf3 e6 3. b3 Nc6 4. Bb2 a6 5. c4 Nf6 6. e5 {[%emt 0:00:05] B40: Sicilian: 2...e6, Unusual lines.} Ng4 7. g3 (7. h3 $5 Nh6 $8 8. Bd3 $11) 7... d6 8. exd6 {[%emt 0:00:04] [#] The position is equal.} Nf6 $146 ({Predecessor:} 8... Qxd6 9. Qe2 f6 10. Nc3 e5 11. Bg2 Be6 12. O-O Be7 13. Nh4 Nd4 14. Qd1 f5 15. Nd5 Bxh4 16. gxh4 O-O 17. f4 e4 18. d3 Bxd5 19. cxd5 Ne3 {0-1 Plenca,J (2483)-Potkin,V (2583) Molodezhka-CRO online blitz 2020}) 9. Bg2 Bxd6 10. O-O e5 11. Re1 O-O $1 12. Nc3 (12. Bxe5 $2 {too greedy.} Nxe5 13. Nc3 (13. Nxe5 $2 {perishes.} Bxe5 14. Nc3 Bd4 $19) 13... Re8 $19) 12... Re8 13. d3 h6 14. Nd2 Bg4 15. Bf3 Bxf3 16. Qxf3 Nd4 17. Qd1 Bc7 18. Nde4 Nxe4 19. Nxe4 Ba5 20. Rf1 Rc8 21. Qh5 f5 22. Bxd4 (22. Nc3 {simplifies} Bxc3 23. Bxc3 Qf6 24. Rae1) 22... fxe4 23. Bxe5 ({Better is} 23. Bb2 exd3 24. Bxe5) 23... exd3 (23... Qg5 $1 $17 24. Qxg5 hxg5) 24. Rad1 $11 d2 25. f4 $1 Qd7 26. Rf2 Rcd8 27. Qg6 (27. Rf3 {keeps more tension.} b5 28. Qg6 bxc4 29. bxc4 Re7 30. Qxa6 Bb4 31. Qg6) 27... Qf7 28. Qxf7+ Kxf7 29. Re2 b5 {[%emt 0:01:17] aiming for ...bxc4.} 30. Kf2 g5 31. Re3 {[%emt 0:00:18] Inhibits Rd3.} Kg6 32. Ke2 g4 $36 {[%emt 0:00:47][%mdl 2048] White is under pressure.} 33. Rd3 Kf5 {[%emt 0:00:27] Threatens to win with ...bxc4.} 34. a3 $2 (34. Re3 $1 $11) 34... bxc4 35. bxc4 h5 $2 (35... Rxd3 $19 {has better winning chances.} 36. Kxd3 Rd8+ 37. Kc2 Ke4) 36. Ke3 $2 (36. Re3 $17) 36... Rxd3+ $19 37. Kxd3 {[%emt 0:00:00][%mdl 4096] Endgame KRB-KRB} Rd8+ 38. Kc2 {[%emt 0:00:01] [#]} Ke4 $1 39. Bb2 Rd3 40. f5 Rf3 41. f6 Rf2 42. Ba1 $2 (42. Bc3 Bxc3 43. Kxc3) 42... Ke3 $2 (42... Rxh2 $19 43. Bc3 Bxc3 44. Kxc3 Rf2 45. Rxd2 Rxf6) 43. Be5 $17 {[%emt 0:00:02] Hoping for Bf4+.} Rf5 {[%emt 0:00:27] Black is more active.} 44. Bb2 (44. Bf4+ $17 Ke4 45. Bxd2) 44... Ke2 $19 45. Ba1 Ke3 {[%emt 0:00:36] And now ...Kf2 would win.} 46. Bb2 $1 Ke4 47. Ba1 {[%emt 0:00:03] [#]} Rf2 $1 48. Bb2 $2 (48. Bc3 Bxc3 49. Kxc3) 48... Rxh2 {[%emt 0:00:54] ...Rf2 would be deadly.} 49. Rf1 {[%emt 0:00:05] [#]} (49. Bc3 $142 Bxc3 50. Kxc3) 49... d1=Q+ $1 {[%emt 0:00:12][%mdl 576] Deflection} 50. Kxd1 Rxb2 51. f7 Kd3 52. Kc1 {[%emt 0:00:01] Inhibits Rb1+.} Rb8 {[%emt 0:00:03] ( -> ...Bd2+)} 53. f8=Q Bd2+ 54. Kd1 Rb1# {[%emt 0:00:01] Excellently played by Kamsky!   Weighted Error Value: White=0.87/Black=0.34} 0-1

[Event "ChessKid Cup Div-III 2023"]
[Site "Online"]
[Date "2023.05.24"]
[Round "54.2"]
[White "Yu, Yangyi"]
[Black "Sevian, Samuel"]
[Result "1/2-1/2"]
[ECO "E35"]
[WhiteElo "2729"]
[BlackElo "2684"]
[Annotator "TA"]
[PlyCount "77"]
[EventDate "2023.05.21"]
[EventType "k.o."]
[EventCountry "NET"]
[SourceTitle "playchess.com"]
[Source "ChessBase"]
[SourceQuality "1"]
[TimeControl "900+3"]

1. d4 Nf6 2. c4 e6 3. Nc3 Bb4 4. Qc2 d5 5. cxd5 exd5 6. Bg5 h6 7. Bh4 $1 {[%emt 0:00:01] 7.Bh4 is better than 7.Bxf6.} O-O 8. e3 {[%emt 0:00:03] E35: Nimzo-Indian: Classical: 4...d5 5 cxd5 exd5.} Bg4 9. h3 Bh5 10. Bd3 {[%emt 0:00:01] White has an edge.} (10. Be2 $5 g5 11. Bg3 $11) 10... c5 {[%emt 0:00:01] [#]} 11. a3 $146 (11. Kf1 $5 ) ({Predecessor:} 11. dxc5 d4 12. a3 Nc6 13. Bh7+ Kh8 14. axb4 Nxb4 15. Qf5 dxc3 16. bxc3 Nbd5 17. c4 {1-0 Warner,D (2229)-Blackman,J (1998) BAR-ch Bridgetown 2005 (4)}) 11... Ba5 12. Nge2 (12. Kf1 $5 cxd4 13. Bxf6 Qxf6 14. Nxd5 $11) 12... Bxe2 $1 13. Bxe2 ({Reject} 13. Kxe2 g5 14. Bg3 cxd4 $17) 13... cxd4 14. exd4 Nc6 15. Rd1 g5 16. Bg3 Qb6 17. Be5 Nd7 $132 {[%emt 0:02:51][%mdl 2048] Black is fighting back} 18. O-O Bxc3 19. bxc3 {[%emt 0:00:28] [#] Hoping for Rb1.} ({Of course not} 19. Qxc3 Rae8 $15) 19... Ndxe5 20. dxe5 {[%emt 0:00:00] Black must now prevent e6.} Nxe5 21. Rxd5 Rfe8 22. Rfd1 {[%emt 0:00:20] And now Rd6 would win.} Rad8 {[%emt 0:00:09] Wards off Rd6} 23. Bf1 (23. c4 {with more complications.} Kg7 24. g3 Rxd5 25. cxd5 Rd8 26. Kg2) 23... Rxd5 24. Rxd5 Ng6 25. g3 Re1 26. Rd1 Rxd1 (26... Ne5 {looks sharper.} 27. Qa4 Qc5 28. Qe8+ Qf8) 27. Qxd1 $11 {[%emt 0:00:01][%mdl 4096] Endgame KQB-KQN} Qc5 28. Qb3 b6 29. a4 Ne5 30. Be2 {[%emt 0:00:05] Repels Nf3+} (30. Qb4 {keeps more tension.} Nf3+ 31. Kg2 Qd5 32. Qc4) 30... Kg7 31. Qb2 Qd6 32. Qb5 Nd7 33. a5 Nc5 34. a6 Qd5 35. Bc4 Qe5 36. Qb4 Ne4 37. Bd3 Nxc3 (37... Qxc3 $2 38. Qxe4 Kf6 39. Bf1 $18) 38. Qc4 {[%emt 0:00:19] [#]} (38. Qg4 $15) 38... Qc5 ({Black should play} 38... Nd1 $1 $17 {...Qe1+ would be deadly.} 39. Qb4 Qc5 40. Qxc5 bxc5) 39. Qg4 $1 {[%emt 0:00:32] Weighted Error Value: White=0.14 (very precise) /Black=0.07 (flawless)} 1/2-1/2

[Event "ChessKid Cup Div-III 2023"]
[Site "Online"]
[Date "2023.05.24"]
[Round "54.2"]
[White "Navara, David"]
[Black "Lysyj, Igor"]
[Result "1/2-1/2"]
[ECO "A30"]
[WhiteElo "2678"]
[BlackElo "2606"]
[Annotator "TA"]
[PlyCount "219"]
[EventDate "2023.05.21"]
[EventType "k.o."]
[EventCountry "NET"]
[SourceTitle "playchess.com"]
[Source "ChessBase"]
[SourceQuality "1"]
[TimeControl "900+3"]

1. b3 Nf6 2. Bb2 e6 3. Nf3 b6 4. g3 Bb7 5. Bg2 Be7 6. c4 c5 7. O-O O-O 8. d4 cxd4 9. Qxd4 d6 10. Nc3 a6 11. e4 Nbd7 12. Qe3 Qc7 13. Nd4 Rfe8 14. Rac1 Bf8 15. h3 Rac8 16. f4 g6 17. Kh2 Bg7 18. Rce1 e5 19. fxe5 Nxe5 20. Qd2 Nfd7 21. Nd5 Qd8 22. Rd1 Nc5 23. Ba1 Ned7 24. Qf4 Ne5 25. Nf6+ (25. Ne2 $14) 25... Bxf6 $15 26. Qxf6 Qxf6 ({Of course not} 26... Nxe4 27. Qf4 f5 28. Nxf5 gxf5 29. Qxf5 $11) (26... Bxe4 $15 27. g4 Qxf6 28. Rxf6 Rcd8) 27. Rxf6 $11 Nxe4 28. Bxe4 Bxe4 29. Rxd6 b5 30. cxb5 {[%emt 0:00:18] [#]} (30. g4 $11) 30... axb5 (30... Nf3+ $1 $17 31. Nxf3 Bxf3) 31. g4 $11 Ra8 32. Rd2 Bb1 33. Kg3 Bxa2 34. Nxb5 ({White should try} 34. Re2 $11 Bb1 35. Bc3) 34... Bxb3 $15 35. Nc7 Rxa1 36. Nxe8 Nc4 37. g5 Nxd6 38. Rxd6 Ra8 (38... h6 $5 39. Nf6+ Kg7 40. Ne8+ Kh8 $17) 39. Nf6+ Kg7 40. h4 Be6 41. Rd4 h6 42. Kf4 Rb8 43. Ng4 hxg5+ 44. hxg5 Ra8 45. Rb4 Rh8 46. Nh6 $1 Ra8 47. Ng4 Ra1 48. Ne3 Rh1 49. Rb5 Kf8 50. Rb8+ Ke7 51. Rb5 Kd6 52. Ra5 Kc6 53. Nc2 Kb6 54. Re5 (54. Ra1 $5 Rh4+ 55. Ke5 $17) 54... Rh4+ 55. Ke3 Kc6 56. Nd4+ Kd6 57. Ra5 $1 Bd5 58. Ra6+ Ke7 59. Ra5 $1 Re4+ ({Better is} 59... Bh1 $15) 60. Kd3 $11 Kd6 61. Nb5+ $1 Kc6 62. Nd4+ (62. Nc3 $5 Re5 $8 63. Kd4 Rxg5 64. Nxd5 Rg4+ 65. Kd3 $14) 62... Kd6 63. Nb5+ $1 Kc6 64. Nc3 Re5 65. Kd4 Rxg5 66. Nxd5 Rg4+ 67. Ke3 f5 68. Ne7+ Kd6 69. Nxg6 Re4+ 70. Kf3 Re8 71. Kf4 Kc6 72. Ne5+ Kb6 73. Ra1 Rh8 74. Rc1 Kb5 75. Kxf5 Kb4 76. Ke4 Rh4+ 77. Kd5 Rh5 78. Rc4+ Kb3 79. Rf4 Kc3 80. Rg4 Kb3 81. Kd4 Kb4 82. Rg8 Rh4+ 83. Ng4 Kb5 84. Rg6 Rh1 85. Nf2 Rh4+ 86. Ne4 Rh5 87. Nc3+ Ka5 88. Re6 Rg5 89. Nd5 Rh5 90. Kc5 Ka4 91. Re3 Rg5 92. Rh3 Rf5 93. Kc4 Rg5 94. Rf3 Rg4+ 95. Kc5 Rg5 96. Re3 Rh5 97. Rg3 Rf5 98. Kc4 Rh5 99. Nf6 Rh4+ 100. Kc5 Rh8 101. Ne4 Rh5+ 102. Kc4 Rh4 103. Re3 Rg4 104. Kc5 Rh4 105. Nf6 Rh8 106. Nd7 Rh5+ 107. Kc4 Rh4+ 108. Kc5 Rh5+ 109. Re5 Rxe5+ 110. Nxe5 1/2-1/2

[Event "ChessKid Cup Div-III 2023"]
[Site "Online"]
[Date "2023.05.24"]
[Round "54.2"]
[White "Donchenko, Alexander"]
[Black "Vallejo Pons, Francisco"]
[Result "0-1"]
[ECO "C01"]
[WhiteElo "2669"]
[BlackElo "2712"]
[Annotator "TA"]
[PlyCount "108"]
[EventDate "2023.05.21"]
[EventType "k.o."]
[EventCountry "NET"]
[SourceTitle "playchess.com"]
[Source "ChessBase"]
[SourceQuality "1"]
[TimeControl "900+3"]

1. d4 e6 2. c4 b6 3. e4 Bb4+ 4. Bd2 Bxd2+ 5. Nxd2 d6 6. g3 {[%emt 0:00:11] [#] C01: French: Exchange Variation.} Nc6 $146 ({Predecessor:} 6... Ne7 7. Bg2 e5 8. Ne2 h5 9. h4 Ng6 10. O-O Nc6 11. d5 Nce7 12. b4 a5 {½-½ Rustemov,A (2525)-Meier,G (2609) Chess.com Rapid Wk25 Swiss 2022 (2)}) 7. Ne2 e5 8. d5 {[%emt 0:00:12] The position is equal.} Nce7 9. Bg2 Nh6 10. O-O O-O 11. b4 a5 12. a3 f5 13. Qb3 Ng6 14. Rac1 (14. exf5 $142 Bxf5 15. Ne4) 14... f4 $11 15. Rc2 Bd7 16. Qd3 axb4 17. axb4 Ra4 (17... Nf7 $15) 18. c5 Rxb4 {[%emt 0:01:12] aiming for ...Bb5.} 19. cxd6 Bb5 20. Qc3 (20. dxc7 $2 Bxd3 21. cxd8=N Rxd8 $19) 20... Qxd6 21. Re1 Ng4 $36 {[%emt 0:00:57][%cal Od6f6][%mdl 2048] White is under pressure.} 22. Bf3 (22. h3 $5 Nf6 23. Qxc7 Qxc7 24. Rxc7 $11) 22... h5 23. h3 {[%emt 0:00:10] [#]} (23. Rec1 $5 ) 23... fxg3 $1 24. fxg3 (24. Nxg3 Nf6) 24... Nf6 {[%emt 0:01:52] Black is more active. White is now going downhill.} (24... Bxe2 25. Rxe2 Nf6 26. h4 $11 (26. Qxc7 Qxc7 27. Rxc7 h4 $11)) 25. h4 Ng4 26. Nc1 $2 (26. Rf1 $17) 26... Rd4 $19 {[%emt 0:00:14] ...Qf6 would be deadly.} 27. Bxg4 hxg4 28. Ndb3 $2 (28. Qe3) 28... Rf3 29. Qxc7 Rxg3+ 30. Kh1 Rh3+ 31. Kg1 Rg3+ 32. Kh1 $1 Qxc7 (32... Rxe4 $142 33. Rf1 Qxd5 34. Qd6 Qxd6 35. Kh2 Qe7 36. Kxg3 Qxh4+ 37. Kg2 Bxf1+ 38. Kg1 Qg3+ 39. Kh1 Bg2+ {[%mdl 64] Back Rank} 40. Rxg2 Re1+ 41. Rg1 Rxg1#) 33. Rxc7 Rh3+ 34. Kg1 Rb4 35. d6 Nxh4 {[%emt 0:00:01] White must now prevent ...Nf3+.} ({And not} 35... Rbxb3 36. Nxb3 Rg3+ 37. Kh1 $17) 36. d7 {[%emt 0:00:03] [#]} (36. Rd1 $142 Rxe4 37. d7 Bxd7 38. Rcxd7) 36... Bxd7 $1 {[%emt 0:00:02][%mdl 512] ...Nf3+ is the strong threat.} 37. Rxd7 (37. Nd2 Rd4) 37... Nf3+ 38. Kf2 Nxe1 39. Kxe1 Rhxb3 40. Nxb3 Rxb3 {[%emt 0:00:00][%mdl 4096] Endgame KR-KR} 41. Rd5 Re3+ 42. Kf2 Rxe4 43. Kg3 Rb4 44. Rxe5 Kf7 45. Re1 b5 46. Re5 Kf6 47. Re8 Rc4 48. Rb8 b4 49. Rb7 g6 50. Rb6+ Ke5 51. Rxg6 Kd4 {[%emt 0:00:08] Black mates.} 52. Kxg4 b3 53. Kf3 Kc3 54. Ke2 b2 {[%emt 0:00:04] Weighted Error Value: White=0.91/Black=0.30} 0-1

[Event "ChessKid Cup Div-III 2023"]
[Site "Online"]
[Date "2023.05.24"]
[Round "54.2"]
[White "Kamsky, Gata"]
[Black "Antipov, Mikhail Al."]
[Result "1/2-1/2"]
[ECO "D03"]
[WhiteElo "2665"]
[BlackElo "2588"]
[Annotator "TA"]
[PlyCount "132"]
[EventDate "2023.05.21"]
[EventType "k.o."]
[EventCountry "NET"]
[SourceTitle "playchess.com"]
[Source "ChessBase"]
[SourceQuality "1"]
[TimeControl "900+3"]

1. d4 Nf6 2. Nf3 g6 3. Bg5 Bg7 4. c3 O-O 5. Nbd2 d5 6. e3 b6 7. Be2 Bb7 8. O-O Nbd7 9. a4 a5 10. Bh4 {[%emt 0:00:57] D03: 1 d4 d5 2 Nf3 Nf6 3 Bg5, including Torre Attack with early ...d5.} h6 {[%emt 0:01:17] [#]} 11. Ne5 $146 ({Predecessor:} 11. h3 Re8 12. Bg3 Ne4 13. Nxe4 dxe4 14. Nd2 e5 15. Qb1 exd4 16. cxd4 Nf6 17. Qc2 {1-0 Zelbova,L (1491)-Vilimek,V (1637) EU Union-ch U12 2019 (7)}) 11... Nxe5 (11... Ne8 $5 ) 12. dxe5 {[%emt 0:00:03] White is slightly better.} Nd7 13. f4 Qe8 14. Nb3 e6 15. Nd4 Nc5 16. Bb5 c6 17. Be2 Ne4 18. Bf3 Ba6 19. Re1 c5 20. Nb3 g5 21. Bg3 Qe7 22. Nd2 Bd3 23. Be2 Bxe2 24. Qxe2 Nxd2 25. Qxd2 f5 26. exf6 $1 Qxf6 27. Rad1 Rf7 28. fxg5 Qxg5 ({Don't take} 28... hxg5 29. Rf1 Qg6 30. Rxf7 Kxf7 31. Qe2 $16) 29. e4 (29. Qe2 {is more complex.} h5 30. e4 h4 31. Bf2) 29... Qxd2 30. Rxd2 d4 31. e5 Rd8 32. cxd4 cxd4 33. Rd3 Bf8 34. Bh4 Rd5 35. Bf2 Bc5 36. Re4 Rf5 37. Bg3 Kf7 38. Bf4 h5 39. g3 Kg6 40. Kg2 Rf7 41. h3 b5 42. axb5 Rb7 43. Re2 Rxb5 44. Kf3 a4 45. Ke4 Rd7 46. g4 hxg4 47. Rg2 Rh7 48. Rdg3 Kf7 49. Rxg4 Rb3 (49... Rxh3 $2 50. Rg7+ Ke8 51. R2g6 $18) 50. h4 Be7 51. Bg5 Bxg5 52. hxg5 $11 {[%emt 0:00:01][%mdl 4096] [#] Endgame White wants to mate with g6+. KRR-KRR} Kg6 {[%emt 0:00:03] ...d3 would be deadly.} 53. Rf4 d3 {[%emt 0:00:05] aiming for ...Rb4+.} 54. Rf6+ Kg7 55. Rxe6 {[%emt 0:00:04] Black must now prevent Re7+.} Rh4+ (55... Rh1 $1 $11 {keeps the balance.}) 56. Kf5 $16 {[%emt 0:00:13] Hoping for Rg6+.} d2 $2 57. Re7+ $18 (57. Rxd2 $2 Rf3#) 57... Kf8 58. Rd7 Rxb2 (58... Rf3+ $142 59. Ke6 Rb4 60. Rgxd2 Rb6+ 61. R7d6 Rb5) 59. Rgxd2 ({Not} 59. Rdxd2 Rxd2 60. Rxd2 Rh1 $16) 59... Rxd2 60. Rxd2 {[%emt 0:00:01] KR-KR} a3 {[%emt 0:00:01] [#]} 61. Rd8+ $1 Ke7 62. Ra8 Rh3 63. Ra7+ (63. Kg4 $142 Re3 64. g6) 63... Kf8 64. Ra8+ Ke7 65. Ra7+ Kf8 66. Ra8+ Ke7 $1 {[%emt 0:00:00][%mdl 32768] Weighted Error Value: White=0.07 (flawless) /Black=0.26 (precise) . An unexpected result.} 1/2-1/2